 Dungeon Crawl Stone Soup version 0.20-a0-514-g839ffe0 (webtiles) character file.

104 Lahna the Skirmisher (level 4, 0/75 HPs)
             Began as an Ogre Berserker on Jan 24, 2017.
             Was a Believer of Trog.
             Succumbed to an adder's poison
             ... on level 2 of the Dungeon.
             The game lasted 00:01:16 (977 turns).

Lahna the Skirmisher (Ogre Berserker)                Turns: 977, Time: 00:01:17

Health: 0/75       AC:  3    Str: 27    XL:     4   Next: 80%
Magic:  4/4        EV: 10    Int:  8    God:    Trog [**....]
Gold:   47         SH:  0    Dex:  8    Spells: 3/3 levels left

rFire    . . .     SeeInvis .   a - +0 spear
rCold    . . .     Gourm    .   b - +0 animal skin
rNeg     . . .     Faith    .   (no shield)
rPois    .         Spirit   .   (helmet restricted)
rElec    .         Reflect  .   (no cloak)
rCorr    .         Harm     .   (gloves unavailable)
MR       .....                  (boots unavailable)
Stlth    ..........             (no amulet)
Regen    0.3/turn               (no ring)
                                (no ring)

@: berserking (expiring), lethally poisoned (0 -> -1), very quick
A: unfitting armour, tough skin 1
a: Berserk, Trog's Hand, Burn Spellbooks, Renounce Religion


You were on level 2 of the Dungeon.
You worshipped Trog.
Trog was pleased with you.
You were very hungry.

You visited 1 branch of the dungeon, and saw 2 of its levels.

You collected 47 gold pieces.

Inventory:

Hand Weapons
 a - a +0 spear (weapon)
Armour
 b - a +0 animal skin (worn)
Scrolls
 f - a scroll of identify {unknown}
 h - a scroll of enchant armour {unknown}
 i - 2 scrolls of remove curse {unknown}
 l - a scroll of recharging {unknown}
Potions
 e - a potion of ambrosia {unknown}
 g - a potion of brilliance {unknown}
 j - a potion of might {unknown}
Comestibles
 c - a bread ration
 d - 4 chunks of flesh
 k - a fruit


   Skills:
 + Level 5.3 Fighting
 + Level 3.7 Polearms
 + Level 3.6 Dodging


You had 3 spell levels left.
You didn't know any spells.

Dungeon Overview and Level Annotations

Branches:
Dungeon (2/15)

Altars:


Innate Abilities, Weirdness & Mutations

You are too large for most types of armour.
You have tough skin. (AC +1)


Message History

Trog accepts your kill.
You miss the adder. The adder bites you.
* * * LOW HITPOINT WARNING * * *
You are lethally poisoned!
The adder poisons you!
You closely miss the adder.
* * * LOW HITPOINT WARNING * * *
You feel sick. The adder misses you.
You puncture the adder!
You kill the adder!
Trog accepts your kill. The kobold closely misses you.
The kobold hits you but does no damage.
Found a stone staircase leading down and a stone staircase leading up.
Items here: )) †† a club; a spear; an adder corpse; a gnoll corpse You closely miss the kobold.
The kobold barely misses you.
You puncture the kobold!
You kill the kobold!
Trog accepts your kill.
You die...

░ ░..░ ░ ░ ░..░ ░ ░..░ ░
░░░░░..░ ░
░......░░░░░░░░░
░░░░░░..░░..........░░.░
░......................░
..░░░░░.░.░░░░░░)░░.░░.
░.░ ░░░.░ ░@░ ░.░ ░.░
░)K..>.░ .)░ ░.░
....<...░ ░.░ ░.░
.░.......░ ░.░ ░.░
..........░ ░.░ ░.░ ..
......... .. ......
.......░░ ░░. .........


You could see a kobold.

Vanquished Creatures
  4 gnolls
  3 adders (D:2)
  2 leopard geckos (D:1)
  2 ball pythons
  3 bats
  2 giant cockroaches (D:2)
  6 goblins
  6 hobgoblins
  3 frilled lizards (D:1)
  2 kobolds
  5 rats
38 creatures vanquished.

Notes
Turn   | Place    | Note
-------+----------+-------------------------------------------
     0 | D:1      | Lahna the Ogre Berserker began the quest for the Orb.
     0 | D:1      | Reached XP level 1. HP: 24/24 MP: 1/1
   114 | D:1      | Reached XP level 2. HP: 26/32 MP: 2/2
   226 | D:1      | Reached XP level 3. HP: 33/40 MP: 3/3
   677 | D:2      | Reached ** piety under Trog
   911 | D:2      | Reached skill level 5 in Fighting
   940 | D:2      | Reached XP level 4. HP: 45/50 MP: 4/4
   965 | D:2      | HP: 2/75 [gnoll/spear (9)]
   972 | D:2      | HP: 2/75 [adder (1)]
   977 | D:2      | Succumbed to an adder's poison

Vault maps used:
D:1:      sevenhm_arrival_forest_fort_large_4

Skill      XL: |  1  2  3 |
---------------+----------+-----
Dodging        | 3 |  3.6
Fighting       | 5 |  5.3
Polearms       | |  3.7

Action                   |  1- 3 |  4- 6 || total
-------------------------+-------+-------++-------
Melee: Spear             |    96 |    22 ||   118
Invok: Berserk           |       |     1 ||     1
 Stab: Sleeping          |     2 |       ||     2
Armor: Animal skin       |    10 |     1 ||    11
Dodge: Dodged            |    29 |    11 ||    40
